 Dungeon Crawl Stone Soup version 0.26.1-11-gd32895ea62 (webtiles) character file.

Game seed: 17714873127318973494

95688 Mesmaeker13 the Summoner (level 15, 0/103 HPs)
             Began as a Mummy Ice Elementalist on May 5, 2021.
             Was an Elder of Sif Muna.
             Slain by a thorn hunter (13 damage)
             ... on level 3 of the Swamp.
             The game lasted 02:00:11 (51078 turns).

Mesmaeker13 the Summoner (Mummy Ice Elementalist)  Turns: 51078, Time: 02:00:12

Health: 0/103      AC: 20    Str: 11    XL:     15   Next: 67%
Magic:  15/29      EV: 22    Int: 21    God:    Sif Muna [****..]
Gold:   3179       SH: 10    Dex: 16    Spells: 6/34 levels left

rFire    + . .     SeeInvis +   y - +4 demon trident (flame)
rCold    + + +     Faith    .   v - +0 buckler
rNeg     + + +     Spirit   .   l - +2 robe {rC+ rF+}
rPois    ∞         Reflect  +   E - +2 helmet {SInv}
rElec    +         Harm     .   q - +1 cloak {Will+}
rCorr    .         Rampage  .   m - +0 pair of gloves
Will     ++...                  u - +0 pair of boots
Stlth    ++........             A - amulet of reflection
HPRegen  0.27/turn              b - +4 ring of evasion
MPRegen  0.21/turn              k - ring "Xudisack" {rElec rF+ rC+ Dex+3}

@: icy armour
A: no potions, fire vulnerability, cold resistance 1, negative energy resistance
3, torment resistance, unbreathing, in touch with death 1
a: Renounce Religion, Channel Magic, Forget Spell, Divine Exegesis


You were on level 3 of the Swamp.
You worshipped Sif Muna.
Sif Muna was greatly pleased with you.
You visited 6 branches of the dungeon, and saw 28 of its levels.

You collected 3751 gold pieces.
You spent 572 gold pieces at shops.

Inventory:

Hand Weapons
 g - a +0 vampiric demon whip
 y - a +4 demon trident of flaming (weapon)
Missiles
 B - 4 throwing nets
Armour
 l - a +2 robe of resistance (worn)
 m - a +0 pair of gloves (worn)
 q - a +1 cloak of willpower (worn)
 u - a +0 pair of boots (worn)
 v - a +0 buckler (worn)
 x - a +0 kite shield of reflection
 E - a +2 helmet of see invisible (worn)
Jewellery
 b - a +4 ring of evasion (left hand)
 j - an uncursed ring of resist corrosion
 k - the ring "Xudisack" (right hand) {rElec rF+ rC+ Dex+3}
   (You acquired it on level 9 of the Dungeon)

   [ring of protection from fire]

   It affects your dexterity (+3).
   It protects you from fire.
   It protects you from cold.
   It insulates you from electricity.
 w - an uncursed ring of magical power
 z - an uncursed ring of willpower
 A - an amulet of reflection (around neck)
Wands
 i - a wand of digging (14)
 o - a wand of paralysis (18)
 r - a wand of acid (15)
 t - a wand of iceblast (29)
 D - a wand of flame (14)
Scrolls
 a - 3 scrolls of fog
 c - 13 scrolls of teleportation
 d - 3 scrolls of enchant armour
 e - 2 scrolls of amnesia
 f - a scroll of torment
 h - 17 scrolls of remove curse
 n - 3 scrolls of magic mapping
 p - 2 scrolls of summoning
 s - 3 scrolls of fear
 C - 2 scrolls of vulnerability
 F - a scroll of identify


   Skills:
 - Level 5.2 Fighting
 - Level 4.2 Armour
 - Level 8.0 Dodging
 - Level 1.5 Stealth
 - Level 5.0 Shields
 - Level 10.1 Spellcasting
 - Level 6.3 Conjurations
 + Level 14.1 Summonings
 - Level 2.1 Necromancy
 + Level 8.1 Translocations
 - Level 8.0 Ice Magic
 - Level 7.0 Invocations


You had 6 spell levels left.
You knew the following spells:

 Your Spells              Type           Power        Failure   Level
a - Summon Forest         Summ/Tloc      27%          1%          5
b - Frozen Ramparts       Ice            88%          1%          3
c - Ozocubu's Armour      Ice            44%          1%          3
d - Summon Ice Beast      Ice/Summ       55%          1%          4
e - Shadow Creatures      Summ           N/A          3%          6
f - Monstrous Menagerie   Summ           31%          16%         7

Your spell library contained the following spells:

 Spells                   Type           Power        Failure   Level
 Foxfire                  Conj/Fire      96%          1%          1
 Freeze                   Ice            100%         1%          1
 Magic Dart               Conj           100%         1%          1
 Shock                    Conj/Air       96%          1%          1
 Summon Small Mammal      Summ           100%         1%          1
 Call Imp                 Summ           63%          1%          2
 Ensorcelled Hibernation  Hex/Ice        54%          1%          2
 Searing Ray              Conj           74%          1%          2
 Call Canine Familiar     Summ           63%          1%          3
 Animate Skeleton         Necr           58%          2%          1
 Pain                     Necr           100%         2%          1
 Hailstorm                Conj/Ice       40%          3%          4
 Iskenderun's Mystic Bla  Conj/Tloc      41%          3%          4
 Summon Lightning Spire   Summ/Air       40%          3%          4
 Conjure Flame            Conj/Fire      24%          5%          3
 Dazzling Flash           Conj/Hex       48%          5%          3
 Corona                   Hex            11%          6%          1
 Vampiric Draining        Necr           14%          9%          3
 Passwall                 Tmut/Erth      8%           10%         2
 Summon Mana Viper        Hex/Summ       40%          10%         5
 Fulminant Prism          Conj/Hex       12%          17%         4
 Sticky Flame             Conj/Fire      24%          17%         4
 Confusing Touch          Hex            10%          19%         3
 Inner Flame              Hex/Fire       10%          19%         3
 Tukima's Dance           Hex            10%          19%         3
 Animate Dead             Necr           14%          26%         4
 Metabolic Englaciation   Hex/Ice        13%          34%         5
 Fireball                 Conj/Fire      12%          43%         5
 Irradiate                Conj/Tmut      12%          43%         5
 Agony                    Necr           29%          58%         5
 Borgnjor's Vile Clutch   Necr/Erth      11%          75%         5
 Simulacrum               Ice/Necr       23%          77%         6
 Alistair's Intoxication  Tmut/Pois      6%           87%         5
 Silence                  Hex/Air        5%           87%         5
 Yara's Violent Unravell  Hex/Tmut       5%           87%         5
 Starburst                Conj/Fire      12%          95%         6
 Summon Hydra             Summ           31%          16%         7
 Malign Gateway           Summ/Tloc      27%          50%         7
 Spellforged Servitor     Conj/Summ      26%          63%         7
 Orb of Destruction       Conj           18%          98%         7
 Chain Lightning          Conj/Air       12%          100%        8
 Dragon's Call            Summ           31%          100%        9


Dungeon Overview and Level Annotations

Branches:
Dungeon (15/15)            Temple (1/1) D:6            Lair (6/6) D:11
  Swamp (3/4) Lair:2       Spider (1/4) Lair:3        Slime (0/5) Lair:5
    Orc (2/2) D:12            Elf (0/3) Orc:2        Vaults (0/5) D:14
 Depths (0/5) D:15

Altars:
Ashenzari
Cheibriados
Dithmenos
Elyvilon
Fedhas
Gozag
Hepliaklqana
Kikubaaqudgha
Makhleb
Nemelex Xobeh
Okawaru
Qazlal
Ru
Sif Muna
Trog
Uskayaw
Vehumet
Wu Jian
Xom
Yredelemnul
Zin
The Shining One
Jiyva

Shops:
D:6 !   D:10 [   D:11 [   Orc:2 **[:

Portals:
Pandemonium: Orc:2

Annotations:
D:4 3 runed translucent doors, MalarOregon's ghost, amateur HaEn
D:8 2 transporters, Alarak's ghost, journeyman GnCj
D:14 3 runed translucent doors, Cofimnas's ghost, journeyman FoFi; Roxanne
Orc:2 1 runed translucent door, sixsigma's ghost, journeyman GnCj


Innate Abilities, Weirdness & Mutations

You do not drink.
Your flesh is vulnerable to fire.
You are immune to poison.
Your flesh is cold resistant. (rC+)
You are immune to negative energy. (rN+++)
You are immune to unholy pain and torment.
You can survive without breathing.
You are in touch with the powers of death.


Message History

You completely miss the thorn hunter.
The thorn hunter is severely damaged.
The thorn hunter hits you!!
* * * LOW HITPOINT WARNING * * *
The thorn hunter hits you but does no damage.
Your ice beast hits the thorn hunter but does no damage.
Your alligator closely misses the thorn hunter. x2
Your ice beast hits the thorn hunter but does no damage.
Your alligator bites the thorn hunter!
Your alligator tail-slaps the thorn hunter!
The thorn hunter closely misses your alligator.
The thorn hunter hits your alligator!!
Your ice beast hits the thorn hunter but does no damage.
You hit the thorn hunter. You burn the thorn hunter.
The thorn hunter is severely damaged.
Your ice beast hits the thorn hunter but does no damage.
Your alligator completely misses the thorn hunter.
Your alligator closely misses the thorn hunter.
You block the thorn hunter's attack. The thorn hunter hits you!
You die...

*,≈≈≈≈...≈§≈....♣ *,,,,,,,*
*,≈≈≈≈≈≈.*.≈../≈♣ **,,,,*,*
**,..§§≈≈*♣.≈≈≈≈♣ *,,,,***
***♣.≈≈≈♣♣.≈≈≈≈♣ **,*** ♣
♣≈.≈...≈≈≈≈≈♣ *** ♣♣
*♣..≈§..≈..♣* ♣.
♣≈.≈Y≈..♣** *♣ **♣Yf†..##♣
♣♣♣ ♣♣ ♣♣t@.#..♣♣♣.♣♣♣ ♣♣.
♣...#..♣♣....♣♣ ♣..
♣♣♣♣♣..#..♣.♣≈.≈.♣ ♣♣≈
♣♣.♣.♣..#.♣♣....≈.♣♣♣≈≈
♣♣♣♣.≈.≈P..#.....≈♣...♣.≈.
♣♣.♣.♣≈.≈♣♣P#......♣♣.≈....
♣§.≈.≈...≈♣P#.....#♣♣....♣♣
♣♣§..≈...♣♣..##.###..≈.≈.≈♣
♣§.≈...!≈♣.............≈♣♣


You could see a thorn hunter, a friendly alligator (summoned, swift) and 2
friendly ice beasts.

Vanquished Creatures
  Louise (D:14)
  Nessos (D:15)
  A bunyip (Swamp:1)
  An eleionoma (Swamp:1)
  2 vault guards (D:14)
  A hydra (D:14)
  A centaur warrior (D:13)
  A catoblepas (D:13)
  An alligator (Swamp:3)
  3 two-headed ogres
  An ogre mage (D:15)
  A death yak (Lair:6)
  2 orc high priests (Orc:2)
  A fire crab (Lair:6)
  4 skeletal warriors (D:15)
  5 wizards
  2 unseen horrors
  2 swamp dragons
  2 bog bodies
  An infernal demonspawn (Orc:2)
  A spriggan druid (Swamp:1)
  A deep elf archer (D:15)
  Pikel (D:4)
  A deep elf mage (D:15)
  A wolf spider zombie (D:15)
  3 orc knights (Orc:2)
  An orb spider (Lair:3)
  3 ugly things
  A manticore (D:14)
  4 orc sorcerers
  4 elephants
  Maurice (Orc:2)
  2 black mambas
  A gargoyle (D:14)
  A centaur skeleton (D:15)
  8 cane toads
  2 freezing wraiths (D:14)
  A yaktaur (D:14)
  A tengu conjurer (D:15)
  A troll (D:13)
  3 hornets
  2 slime creatures
  9 blink frogs
  A tyrant leech (shapeshifter) (D:14)
  2 dream sheep (Lair:6)
  A water elemental (D:14)
  2 spriggans (Swamp:2)
  Sigmund (D:4)
  A spriggan (shapeshifter) (D:15)
  A ynoxinul (Orc:2)
  3 wyverns
  3 redbacks
  A tarantella (Lair:3)
  2 shadows
  14 humans (D:14)
  13 yaks
  3 basilisks
  7 vampire mosquitoes
  2 soldier ants
  An acid dragon (shapeshifter) (D:15)
  2 swamp worms
  6 water moccasins
  2 sky beasts
  17 orc warriors
  5 ice beasts
  A necrophage (D:8)
  A black bear (D:8)
  2 phantoms
  2 eyes of draining
  10 wolves
  4 centaurs
  6 ogres
  3 lemures (D:4)
  3 nameless horrors
  A big kobold (D:10)
  15 bullfrogs
  7 scorpions
  21 killer bees
  10 wights
  A howler monkey (D:6)
  A quasit (D:8)
  8 orc priests
  5 hounds
  Crazy Yiuf (D:2)
  4 bullfrog zombies
  6 jellies
  16 orc wizards
  6 hell rats (Lair:2)
  14 worker ants
  A worker ant zombie (D:6)
  Robin (D:2)
  A howler monkey skeleton (D:6)
  13 adders
  A river rat (D:6)
  A shadow imp (D:5)
  5 white imps
  An ufetubus (D:7)
  An ooze (D:2)
  An adder skeleton (D:5)
  3 worms
  2 dart slugs (D:1)
  9 leopard geckos
  85 orcs
  3 ball pythons
  5 giant cockroaches
  16 goblins
  16 hobgoblins
  13 jackals
  17 kobolds
  7 quokkas
  6 bats
  4 frilled lizards
  A jackal skeleton (D:6)
  A leopard gecko skeleton (D:5)
  A quokka skeleton (D:7)
  A quokka zombie (D:5)
  16 rats
557 creatures vanquished.

Vanquished Creatures (collateral kills)
  Donald (Swamp:1)
  A frost giant (D:10)
  2 bunyips
  An ettin (D:15)
  Snorg (Lair:6)
  2 eleionomae (Swamp:1)
  A shambling mangrove (Swamp:1)
  A ghost crab (Swamp:2)
  Harold (D:11)
  A vault guard (D:14)
  7 hydras
  4 catoblepae
  A death knight (D:13)
  9 death yaks
  5 two-headed ogres
  A tengu warrior (D:15)
  2 alligators
  4 orc high priests (Orc:2)
  2 soul eaters (Orc:2)
  A sun demon (Orc:2)
  5 spriggans
  2 spriggan druids (Swamp:2)
  4 goliath frogs
  An infernal demonspawn (Orc:2)
  A deep troll (D:10)
  A torturous demonspawn (Orc:2)
  7 bog bodies
  2 swamp dragons
  A wizard (D:15)
  2 phantasmal warriors (D:13)
  An orc knight (Orc:2)
  4 cyclopes
  5 ugly things
  3 orc sorcerers (Orc:2)
  2 manticores (Lair:6)
  2 will-o-the-wisps (Swamp:1)
  The ghost of Sassenached the Firebug, a novice DEWn of Gozag (D:6)
  A centaur zombie (D:15)
  5 elephants
  6 black mambas
  10 cane toads
  3 centaur skeletons
  7 rime drakes
  A redback zombie (D:12)
  A tengu conjurer (D:15)
  5 komodo dragons
  An ice devil (Orc:2)
  A hellwing (Orc:2)
  4 trolls
  5 hornets
  16 blink frogs
  4 dream sheep (Lair:6)
  4 slime creatures
  A ynoxinul (Orc:2)
  2 wraiths (D:13)
  A wyvern (Lair:4)
  13 yaks
  2 basilisks
  2 nameless horrors
  2 humans (D:14)
  A steam dragon (D:14)
  7 swamp worms
  A warg (Orc:1)
  7 water moccasins
  3 black bears
  19 orc warriors
  5 swamp drakes
  An ice beast (D:9)
  3 ogres
  2 eyes of draining
  8 wolves
  2 big kobolds
  5 bullfrogs
  A wyvern zombie (D:11)
  A scorpion (D:11)
  15 wights
  An electric eel (D:10)
  2 hounds
  14 orc priests
  2 jellies
  3 iguanas
  9 orc wizards
  2 worker ants
  A worker ant zombie (D:11)
  A white imp (D:10)
  A worm (D:6)
  25 orcs
  A jackal (D:10)
  9 kobolds
  A butterfly (D:5)
342 creatures vanquished.

Vanquished Creatures (others)
  2 bloated husks
  A bush (Lair:6)
  14 foxfires
  55 fungi
  64 plants
  2 withered plants (Orc:2)
138 creatures vanquished.

Grand Total: 1037 creatures vanquished

Notes
Turn   | Place    | Note
-------+----------+-------------------------------------------
     0 | D:1      | Mesmaeker13 the Mummy Ice Elementalist began the quest for
                  | the Orb.
     0 | D:1      | Reached XP level 1. HP: 13/13 MP: 4/4
   689 | D:1      | Reached XP level 2. HP: 19/19 MP: 4/6
  1231 | D:1      | Reached XP level 3. HP: 24/24 MP: 5/7
  1762 | D:2      | Learned a level 3 spell: Frozen Ramparts
  1810 | D:2      | Noticed an orc warrior
  2205 | D:3      | Learned a level 3 spell: Ozocubu's Armour
  2223 | D:3      | Reached XP level 4. HP: 29/30 MP: 5/9
  2315 | D:2      | Noticed Robin
  2325 | D:2      | Killed Robin
  3584 | D:3      | Reached XP level 5. HP: 9/35 MP: 7/11
  4068 | D:3      | Noticed Sigmund
  4193 | D:4      | Learned a level 4 spell: Summon Ice Beast
  4321 | D:4      | Noticed Pikel
  4321 | D:4      | Noticed a lemure
  4321 | D:4      | Noticed a lemure
  4321 | D:4      | Noticed a lemure
  4328 | D:4      | Killed a lemure
  4330 | D:4      | Killed a lemure
  4333 | D:4      | Killed a lemure
  4339 | D:4      | Killed Pikel
  4340 | D:4      | Reached skill level 2 in Summonings
  4340 | D:4      | Reached skill level 5 in Ice Magic
  4340 | D:4      | Reached XP level 6. HP: 24/41 MP: 0/13
  4340 | D:4      | Reached XP level 7. HP: 26/46 MP: 0/14
  4481 | D:4      | Killed Sigmund
  4646 | D:4      | Reached skill level 3 in Summonings
  4934 | D:4      | Found a runed translucent gate.
  4934 | D:4      | Found a runed translucent gate.
  4934 | D:4      | Found a runed translucent gate.
  4934 | D:4      | Noticed MalarOregon's ghost (amateur HaEn)
  5482 | D:3      | Reached XP level 8. HP: 52/52 MP: 10/15
  5771 | D:2      | Found a runed translucent door.
  5772 | D:2      | Noticed Crazy Yiuf
  6214 | D:2      | Killed Crazy Yiuf
  6385 | D:5      | Entered Level 5 of the Dungeon
  6431 | D:5      | Reached skill level 5 in Dodging
  6686 | D:5      | Reached skill level 4 in Summonings
  7032 | D:5      | Found a runed translucent door.
  7039 | D:5      | Found a runed translucent door.
  7931 | D:6      | Found a runed translucent door.
  7932 | D:6      | Noticed Sassenached's ghost (novice DEWn)
  7950 | D:6      | Killed Sassenached's ghost
  7951 | D:6      | Reached skill level 5 in Summonings
  7951 | D:6      | Reached XP level 9. HP: 55/57 MP: 7/16
  7951 | D:6      | Found a runed translucent door.
  8285 | D:6      | You fall into a shaft and drop 1 floor!
  8394 | D:6      | Found Xaup's Distillery.
  8887 | D:6      | Found a staircase to the Ecumenical Temple.
  8910 | Temple   | Entered the Ecumenical Temple
  9395 | D:7      | Learned a level 4 spell: Hailstorm
  9751 | D:7      | Reached skill level 1 in Shields
  9751 | D:7      | Reached skill level 1 in Conjurations
 10723 | D:8      | Reached skill level 6 in Summonings
 10850 | D:8      | Noticed a two-headed ogre
 10870 | D:8      | Killed a two-headed ogre
 10871 | D:8      | Reached XP level 10. HP: 63/63 MP: 1/17
 11040 | D:8      | Found a transporter.
 11042 | D:8      | Noticed a moth of wrath
 11345 | D:8      | Noticed Alarak's ghost (journeyman GnCj)
 11353 | D:8      | Found a transporter.
 11450 | D:8      | Learned a level 3 spell: Vampiric Draining
 11573 | D:8      | Noticed a two-headed ogre
 11592 | D:8      | Killed a two-headed ogre
 11593 | D:8      | Reached skill level 1 in Necromancy
 12129 | D:9      | Found a sacrificial altar of Ru.
 12131 | D:9      | Found an ancient bone altar of Kikubaaqudgha.
 12131 | D:9      | Found a snail-covered altar of Cheibriados.
 12131 | D:9      | Found a blossoming altar of Fedhas.
 12139 | D:9      | Found a shimmering blue altar of Sif Muna.
 12143 | D:9      | Found a broken altar of Ashenzari.
 12147 | D:9      | Became a worshipper of Sif Muna the Loreminder
 13282 | D:10     | Entered Level 10 of the Dungeon
 13287 | D:10     | Noticed a deep troll
 13291 | D:10     | Noticed a frost giant
 13514 | D:5      | Reached * piety under Sif Muna
 14068 | D:10     | Found Cheibriados's Comfort Zone.
 14068 | D:10     | Found a snail-covered altar of Cheibriados.
 14072 | D:10     | Found a sparkling altar of Nemelex Xobeh.
 14072 | D:10     | Found a glowing golden altar of the Shining One.
 14217 | D:10     | Found a sparkling altar of Nemelex Xobeh.
 14295 | D:10     | Reached skill level 7 in Summonings
 14312 | D:10     | Reached ** piety under Sif Muna
 14633 | D:11     | Noticed a cyan ugly thing
 14650 | D:11     | Killed a cyan ugly thing
 14808 | D:11     | Found Xios's Antique Armour Shoppe.
 14848 | D:11     | Bought a shiny helmet for 240 gold pieces
 14988 | D:11     | Reached skill level 5 in Conjurations
 14996 | D:11     | Reached XP level 11. HP: 68/68 MP: 6/18
 15268 | D:11     | Found a staircase to the Lair.
 15403 | D:11     | Noticed a two-headed ogre
 15417 | D:11     | Killed a two-headed ogre
 15560 | D:11     | Noticed Harold
 16352 | D:11     | Killed Harold
 16503 | Lair:1   | Entered Level 1 of the Lair of Beasts
 16679 | Lair:1   | Reached skill level 8 in Summonings
 17722 | Lair:1   | Identified a scroll of acquirement
 17737 | Lair:1   | Acquired the Volume of Companions
 17831 | Lair:2   | Noticed a bog body
 17844 | Lair:2   | Noticed a bog body
 17845 | Lair:2   | Killed a bog body
 17848 | Lair:2   | Killed a bog body
 17927 | Lair:2   | Found a staircase to the Swamp.
 18132 | Lair:2   | Noticed a five-headed hydra
 18141 | Lair:2   | Killed a five-headed hydra
 18142 | Lair:2   | Reached skill level 9 in Summonings
 18243 | Lair:2   | Reached *** piety under Sif Muna
 19209 | Lair:3   | Found a dark tunnel.
 19433 | Lair:3   | Reached skill level 10 in Summonings
 20148 | Lair:3   | Found a hole to the Spider Nest.
 20148 | Lair:3   | Noticed an orb spider
 20154 | Lair:3   | Killed an orb spider
 20155 | Lair:3   | Reached XP level 12. HP: 74/74 MP: 19/19
 20825 | Lair:1   | Learned a level 6 spell: Shadow Creatures
 21362 | Lair:4   | Noticed a catoblepas
 21580 | Lair:4   | Reached skill level 11 in Summonings
 21601 | Lair:4   | Reached skill level 1 in Invocations
 22002 | Lair:5   | Noticed an eight-headed hydra
 22008 | Lair:5   | Killed an eight-headed hydra
 22331 | Lair:5   | You fall into a shaft and drop 1 floor!
 22331 | Lair:6   | Entered Level 6 of the Lair of Beasts
 22332 | Lair:6   | Noticed a death yak
 22557 | Lair:6   | Reached **** piety under Sif Muna
 23254 | Lair:5   | Reached skill level 5 in Invocations
 23931 | Lair:5   | Reached skill level 12 in Summonings
 24300 | Lair:5   | Found a viscous altar of Jiyva.
 24300 | Lair:5   | Found a staircase to the Slime Pits.
 24423 | Lair:6   | Noticed a death yak
 24424 | Lair:6   | Noticed a death yak
 24424 | Lair:6   | Noticed a death yak
 24439 | Lair:6   | Noticed a death yak
 24455 | Lair:6   | Noticed a death yak
 24494 | Lair:5   | Killed a death yak
 24650 | Lair:6   | Noticed a death yak
 24673 | Lair:6   | Killed a death yak
 24961 | Lair:6   | Gained mutation: You are in touch with the powers of death.
                  | [Mummy growth]
 24961 | Lair:6   | Reached XP level 13. HP: 72/79 MP: 6/20
 25646 | Lair:6   | Noticed Snorg
 25658 | Lair:6   | Killed Snorg
 25844 | Lair:6   | Acquired 956 gold pieces
 26769 | Lair:6   | Learned a level 5 spell: Summon Forest
 27761 | Lair:6   | Reached skill level 1 in Translocations
 28090 | Lair:6   | Got a glimmering shortbow
 30018 | D:10     | Killed a frost giant
 30426 | D:10     | Got a jewelled falchion
 30436 | D:9      | Acquired the ring "Xudisack" {rElec rF+ rC+ Dex+3}
 30639 | D:10     | Identified the +8 falchion of Awkwardness {freeze, *Contam
                  | rPois rC- Stlth+} (You found it on level 10 of the Dungeon)
 31873 | D:12     | Reached skill level 13 in Summonings
 32473 | D:12     | Reached ***** piety under Sif Muna
 32868 | D:12     | Identified the cursed +3 war axe of the Forsaken Wishes
                  | {freeze, rN+}
 32995 | D:12     | Found a staircase to the Orcish Mines.
 33018 | D:12     | Identified Sif Muna's Almanac of Aerial Arcane Weapons (Sif
                  | Muna gifted it to you on level 12 of the Dungeon)
 33018 | D:12     | Received a gift from Sif Muna
 33024 | D:12     | Reached skill level 5 in Spellcasting
 33190 | Orc:1    | Entered Level 1 of the Orcish Mines
 33984 | Orc:2    | Entered Level 2 of the Orcish Mines
 33995 | Orc:2    | Reached skill level 1 in Armour
 34175 | Orc:2    | Noticed Maurice
 34192 | Orc:2    | Killed Maurice
 34755 | Orc:2    | Found a runed translucent door.
 34755 | Orc:2    | Noticed sixsigma's ghost (journeyman GnCj)
 36307 | Orc:2    | Found Garoy's General Store.
 36451 | Orc:2    | Found Kiemen's General Store.
 36487 | Orc:2    | Reached XP level 14. HP: 61/85 MP: 16/22
 36763 | Orc:2    | Identified Sif Muna's Almanac of the Lethal Volcanoes (Sif
                  | Muna gifted it to you on level 2 of the Orcish Mines)
 36763 | Orc:2    | Received a gift from Sif Muna
 36842 | Orc:2    | Found a staircase to the Elven Halls.
 38472 | Orc:2    | Found Nitrask's Antique Armour Shop.
 38472 | Orc:2    | Found a one-way gate leading to the halls of Pandemonium.
 38472 | Orc:2    | Found Ybirghai's Book Boutique.
 38560 | Orc:2    | Bought a blackened cloak for 332 gold pieces
 38767 | Lair:1   | Identified the cursed +0 cloak of Freedom {rN++ Int+2} (You
                  | bought it in a shop on level 2 of the Orcish Mines)
 39444 | D:13     | Reached skill level 5 in Translocations
 41772 | D:14     | Identified Fugril's Almanac of Mutagenic Enchantment (Sif
                  | Muna gifted it to you on level 14 of the Dungeon)
 41772 | D:14     | Received a gift from Sif Muna
 41890 | D:14     | Found a gate to the Vaults.
 41946 | D:14     | Noticed Louise
 42475 | D:14     | Killed Louise
 42476 | D:14     | Reached skill level 10 in Spellcasting
 43151 | D:14     | Noticed Roxanne
 43333 | D:14     | Reached skill level 1 in Fighting
 43584 | D:14     | Found a runed translucent gate.
 43585 | D:14     | Found a runed translucent gate.
 43586 | D:14     | Found a runed translucent gate.
 43587 | D:14     | Found an ancient bone altar of Kikubaaqudgha.
 43587 | D:14     | Noticed Cofimnas's ghost (journeyman FoFi)
 43587 | D:14     | Noticed Cofimnas's ghost (journeyman FoFi)
 43587 | D:14     | Noticed a lich
 43588 | D:14     | Noticed a lich
 43588 | D:14     | Noticed a lich
 43746 | D:15     | Entered Level 15 of the Dungeon
 43971 | D:15     | Noticed Nessos
 44602 | D:15     | Identified the +1 robe of the Pleiades {Rampage Stlth+}
 44628 | D:15     | Reached XP level 15. HP: 90/97 MP: 17/29
 44745 | D:15     | Killed Nessos
 45374 | D:15     | Identified Osuinnei's Collected Works on Calling (Sif Muna
                  | gifted it to you on level 15 of the Dungeon)
 45374 | D:15     | Received a gift from Sif Muna
 45588 | D:15     | Found a staircase to the Depths.
 45839 | D:15     | Found an opulent altar of Gozag.
 46058 | Spider:1 | Entered Level 1 of the Spider Nest
 46143 | Swamp:1  | Entered Level 1 of the Swamp
 46600 | Swamp:1  | Noticed Donald
 46604 | Swamp:1  | Killed Donald
 46997 | Swamp:1  | Reached skill level 5 in Fighting
 48196 | Swamp:1  | Reached skill level 14 in Summonings
 49052 | Swamp:2  | Learned a level 7 spell: Monstrous Menagerie
 49233 | Swamp:2  | You fall into a shaft and drop 1 floor!
 50542 | Swamp:3  | Reached skill level 5 in Shields
 51065 | Swamp:3  | Noticed a thorn hunter
 51078 | Swamp:3  | Slain by a thorn hunter

Illustrated notes

Levels and vault maps discovered:
D:1:      nicolae_arrival_somewhat_less_tricky_arrival, layout_basic
D:2:      layout_loops_ring, uniq_crazy_yiuf_cottage, uniq_robin
D:3:      layout_loops_ring, uniq_sigmund
D:4:      layout_loops_cross, gammafunk_ghost_necromancy, uniq_pikel
D:5:      lemuel_insect_pit, layout_basic
D:6:      layout_basic, minmay_temple_entry_gardened_gates, serial_shops,
          nicolae_shop_statue_plus, ebering_ghost_sewer_f, grunt_decor_clamped
D:7:      layout_gridville, enter_bailey_2
D:8:      layout_loops_ring, gammafunk_ghost_berserking_beasts
D:9:      layout_stronghold, minmay_overflow_temple_hex
D:10:     layout_basic, basic_altar, minmay_shop_chei, jmf_multi_god_temple
D:11:     layout_long_grid, grunt_lair_entry_orc_guard_hut, serial_shops,
          nicolae_shop_overgrown_old_shop, uniq_harold
D:12:     layout_loops_ring, erik_orc_1, lightli_fourway_metalbox
D:13:     layout_loops_corners, special_room [special_room_orc]
D:14:     layout_basic, grunt_vaults_entry_tiered, nicolae_lava_and_water,
          gammafunk_ghost_crypt, uniq_roxanne, uniq_louise
D:15:     hangedman_depths_entry_civil_slaughter, layout_basic,
          nicolae_gozag_seed_capital, uniq_nessos
Temple:   kb_temple_of_zot
Lair:1:   layout_gridlike
Lair:2:   layout_cave_pods, skrybe_swamp_entry_bodies
Lair:3:   layout_roguey, nicolae_spider_entry_orb_guardian,
          nicolae_volcano_entry_hallway, columned_hall_lemuel, minivault_19,
          patterned_corridor
Lair:4:   layout_long_grid, grunt_megastairs_4
Lair:5:   layout_loops_ring, dpeg_slime_entry_enclosed_altar
Lair:6:   evilmike_catoblepas_cave, layout_big_grid,
          chequers_serial_rivers_micro_d, chequers_serial_rivers_small_a,
          chequers_serial_rivers_micro_a, grunt_megastairs_5, uniq_snorg
Swamp:1:  layout_basic_swamp, nicolae_swamp_trees_clearing, uniq_donald
Swamp:2:  layout_basic_swamp, hangedman_swamp_blocks, swamp_pool5
Swamp:3:  nicolae_swamp_phyte_club, layout_basic_swamp,
          evilmike_swamp_ruin_house_2, swamp_pool1, infiniplex_staircase_pool_2
Spider:1: layout_spider_delve
Orc:1:    layout_diamond_mine
Orc:2:    pf_orc_diabolical, layout_caves, gammafunk_ghost_grave, uniq_maurice

Skill      XL: |  1  2  3  4  5  6  7  8  9 10 11 12 13 14 15 |
---------------+----------------------------------------------+-----
Spellcasting   | 3 4 5 10 | 10.1
Dodging        | 2 4 6 8 |  8.0
Ice Magic      | 4 5 6 7 8 |  8.0
Summonings     | 2 3 5 6 7 10 12 13 14 | 14.1
Shields        | 2 4 5 |  5.0
Conjurations   | 2 5 6 |  6.3
Necromancy     | 2 |  2.1
Invocations    | 6 7 |  7.0
Translocations | 4 6 8 |  8.1
Armour         | 1 4 |  4.2
Fighting       | 2 5 |  5.2
Stealth        | |  1.5

Action                   |  1- 3 |  4- 6 |  7- 9 | 10-12 | 13-15 || total
-------------------------+-------+-------+-------+-------+-------++-------
Melee: Unarmed           |     6 |       |       |       |       ||     6
       Dagger            |    15 |     2 |       |       |       ||    17
       Short sword       |       |     6 |   175 |   222 |    91 ||   494
       Trident           |       |       |       |    68 |   274 ||   342
       Demon trident     |       |       |       |       |   388 ||   388
 Cast: Freeze            |    60 |    56 |   123 |   199 |    26 ||   464
       Frozen Ramparts   |       |     7 |    35 |    51 |   114 ||   207
       Ozocubu's Armour  |       |     1 |    18 |    24 |    29 ||    72
       Summon Ice Beast  |       |       |    18 |   158 |   317 ||   493
       Hailstorm         |       |       |       |     2 |       ||     2
       Shadow Creatures  |       |       |       |     3 |    70 ||    73
       Summon Forest     |       |       |       |       |    18 ||    18
       Monstrous Menager |       |       |       |       |     4 ||     4
Invok: Channel Magic     |       |       |       |     2 |     1 ||     3
Evoke: Wand              |       |       |       |    23 |    16 ||    39
  Use: Scroll            |     4 |     1 |     6 |    14 |    15 ||    40
 Stab: Sleeping          |     6 |       |     6 |     3 |     3 ||    18
       Paralysed         |       |       |       |     2 |       ||     2
       Distracted        |       |       |       |     1 |    12 ||    13
Armor: Robe              |    14 |    20 |    77 |   151 |   172 ||   434
Dodge: Dodged            |    31 |    42 |   209 |   368 |   527 ||  1177
Block: Buckler           |       |       |       |   128 |   410 ||   538
       Reflection        |       |       |       |       |    20 ||    20
